 Dungeon Crawl Stone Soup version 0.31-a0-202-g547052bce9 (webtiles) character file.

Game seed: 14457123461296568463

181 qw the Skirmisher (level 5, 0/29 HPs)
             Began as a Deep Elf Hunter on June 26, 2023.
             Killed by divine providence
             ... invoked by an orc priest
              (10 damage)
             ... on level 4 of the Dungeon.
             The game lasted 00:00:50 (1568 turns).

qw the Skirmisher (Deep Elf Hunter)                 Turns: 1568, Time: 00:00:51

Health: 0/29       AC:  9    Str: 10    XL:     5   Next: 34%
Magic:  7/7        EV: 11    Int: 14    God:
Gold:   112        SH:  0    Dex: 18    Spells: 4/4 levels left

rFire   . . .        Y - +0 shortbow
rCold   . . .        (shield currently unavailable)
rNeg    . . .        f - +3 ring mail
rPois   .            (no helmet)
rElec   .            i - +0 cloak
rCorr   .            (no gloves)
SInv    .            (no boots)
Will    .....        a - amulet of the acrobat
Stlth   +            (no ring)
HPRegen 0.24/turn    (no ring)
MPRegen 0.10/turn

%: acrobat
@: no status effects
A: no striking features
a: no special abilities


You were on level 4 of the Dungeon.
You visited 1 branch of the dungeon, and saw 4 of its levels.

You collected 127 gold pieces.
You spent 15 gold pieces at shops.


   Skills:
 - Level 1.5 Fighting
 + Level 8.8 Ranged Weapons
 - Level 2.4 Dodging
 - Level 1.2 Stealth


You had 4 spell levels left.
You didn't know any spells.
Your spell library was empty.

Inventory:

Hand Weapons
 Y - a +0 shortbow (weapon)
Armour
 f - a +3 ring mail (worn)
 i - a +0 cloak (worn)
Jewellery
 a - an amulet of the acrobat (around neck)
Scrolls
 c - a scroll of identify
Potions
 d - a potion of curing
 e - a potion of attraction {unknown}
 g - a potion of berserk rage {unknown}
 j - a potion of heal wounds {unknown}
 k - a potion of resistance {unknown}

Dungeon Overview and Level Annotations

Branches:
Dungeon (4/15)             Temple (0/1) D:4

Altars:

Shops:
D:1 ([**

Annotations:
D:2 1 runed translucent door, Crazy Yiuf


Message History

The scorpion is severely wounded.
The scorpion barely misses you. The iguana bites you.
The kobold barely misses you.
An orc priest comes into view. It is wielding a +0 club.
You shoot an arrow. The arrow hits the scorpion.
The scorpion is almost dead.
The scorpion stings you. The iguana misses you. The kobold closely misses you.
The scorpion stings you.
You shoot an arrow. The arrow barely misses the scorpion.
The arrow hits the orc wizard.
The orc wizard is moderately wounded.
The scorpion stings you but does no damage.
The iguana barely misses you. The kobold hits you but does no damage.
An ogre comes into view. It is wielding a +0 giant club.
You shoot an arrow. The arrow barely misses the scorpion.
The arrow hits the orc wizard but does no damage.
The orc wizard is moderately wounded.
The scorpion stings you. The kobold hits you but does no damage.
An orc comes into view. It is wielding a +0 hand axe.
The iguana bites you but does no damage.
1566 ||| Stepping ~*~*~tactically~*~*~ (outnumbered).
The endoplasm attacks as you move away!
The endoplasm hits you but does no damage.
The scorpion attacks as you move away! The scorpion barely misses you.
The kobold hits you but does no damage. The orc wizard barely misses you.
You shoot an arrow. The arrow hits the scorpion.
You kill the scorpion!
You hear a shout!
The endoplasm barely misses you. The kobold hits you but does no damage.
The orc wizard barely misses you.
You hear a shout!
You have reached level 5!
You shoot an arrow. The arrow hits the orc wizard.
The orc wizard is lightly wounded.
The endoplasm hits you but does no damage.
The kobold hits you but does no damage.
The orc wizard hits you with a +0 dagger.
The orc priest invokes the aid of Beogh against you.
Beogh smites you!
You die...

#..+ .o
###.... .....
.#...# #....
....#
#....#####.>.#
#.......#....
#....o.#J..#
#.......K@#
+.......o#o#
#.........o#
#########.O#
..... ......
....O..
.......
...?...


You could see an ogre, an orc priest, an orc wizard, 2 orcs, an endoplasm and a
kobold.

Vanquished Creatures
  A scorpion (D:4)
  7 adders
  2 worms (D:2)
  A dart slug (D:2)
  4 ball pythons
  4 bats
  2 endoplasms
  5 giant cockroaches
  5 hobgoblins
  3 jackals (D:2)
  5 kobolds
  2 quokkas
  4 frilled lizards
  5 goblins
  3 rats
53 creatures vanquished.

Notes
Turn   | Place    | Note
-------+----------+-------------------------------------------
     0 | D:1      | qw the Deep Elf Hunter began the quest for the Orb.
     0 | D:1      | Reached XP level 1. HP: 12/12 MP: 3/3
     0 | D:1      | 0 ||| qw: Version: 0.3-a-22-g0ed2b0b
     0 | D:1      | 0 ||| qw: Game counter: 6086
     0 | D:1      | 0 ||| qw: Melee chars always use a shield: true
     0 | D:1      | 0 ||| qw: God list: Okawaru
     0 | D:1      | 0 ||| qw: Allow faded altars: false
     0 | D:1      | 0 ||| qw: Do Orc after clearing Dungeon:15 true
     0 | D:1      | 0 ||| qw: Do second Lair branch before Depths: true
     0 | D:1      | 0 ||| qw: Lair rune preference: random
     0 | D:1      | 0 ||| qw: Goals: Normal
     0 | D:1      | 0 ||| PLANNING D:1-11
   122 | D:1      | Found Ihowner's Armour Shoppe.
   148 | D:1      | Reached XP level 2. HP: 16/16 MP: 4/4
   149 | D:1      | Reached skill level 6 in Ranged Weapons
   161 | D:1      | 161 ||| SHOPLISTING scarf of repulsion (144 gold, have 9).
   183 | D:1      | Found Tiv Uhot's Assorted Antiques.
   201 | D:1      | 201 ||| SHOPLISTING copper wand (68 gold, have 26).
   201 | D:1      | 201 ||| BUYING purple potion (15 gold).
   201 | D:1      | Bought a purple potion for 15 gold pieces
   201 | D:1      | 201 ||| SHOPLISTING runed leather armour (85 gold, have
                  | 11).
   201 | D:1      | 201 ||| SHOPLISTING scroll labelled FESMEACESI (17 gold,
                  | have 11).
   292 | D:1      | Found Suthreby's General Store.
   297 | D:1      | 297 ||| SHOPLISTING +0 fire dragon scales (660 gold, have
                  | 27).
   297 | D:1      | 297 ||| SHOPLISTING +1 ice dragon scales (737 gold, have
                  | 27).
   401 | D:1      | Found Nuvischop's Weapon Boutique.
   577 | D:1      | 577 ||| UPGRADING to +3 ring mail.
   587 | D:1      | 587 ||| DROPPING +0 leather armour.
   588 | D:1      | 588 ||| READING scroll labelled FESMEACESI.
   589 | D:1      | 589 ||| READING scroll labelled MUDIRE AKORAFE.
   592 | D:1      | 592 ||| READING scroll labelled OMPET CYRIPS.
   593 | D:1      | 593 ||| READING scroll labelled DONIRE FUHIFA.
   594 | D:1      | 594 ||| READING scroll labelled OLO BOIKLISS.
   595 | D:1      | 595 ||| READING scroll labelled VOROLL OCUMEM.
   596 | D:1      | 596 ||| DRINKING 2 purple potions.
   597 | D:1      | 597 ||| DROPPING scroll of butterflies.
   606 | D:2      | 606 ||| STAIRDANCE
   612 | D:1      | HP: 4/16 [adder (1)]
   614 | D:1      | Reached XP level 3. HP: 4/20 MP: 5/5
   801 | D:2      | Reached skill level 7 in Ranged Weapons
   847 | D:2      | Reached XP level 4. HP: 23/25 MP: 6/6
  1055 | D:2      | Found a runed translucent door.
  1056 | D:2      | Noticed Crazy Yiuf
  1142 | D:2      | Reached skill level 8 in Ranged Weapons
  1162 | D:2      | Found a faded altar of an unknown god.
  1468 | D:2      | 1468 ||| UPGRADING to +0 cloak.
  1473 | D:2      | 1473 ||| UPGRADING to amulet of the acrobat.
  1478 | D:2      | 1478 ||| READING 2 scrolls labelled ISATAV YTREIF.
  1479 | D:2      | 1479 ||| READING scroll labelled FAWITWUIDA.
  1480 | D:2      | 1480 ||| READING scroll labelled RUPNOEHUPI.
  1481 | D:2      | 1481 ||| DROPPING scroll of noise.
  1483 | D:2      | 1483 ||| Stepping ~*~*~tactically~*~*~ (cloud).
  1484 | D:2      | 1484 ||| DRINKING 2 potions of curing.
  1484 | D:2      | 1484 ||| (to cure poison)
  1555 | D:3      | You fall into a shaft and drop 1 floor!
  1555 | D:4      | Found a staircase to the Ecumenical Temple.
  1556 | D:4      | 1556 ||| PLANNING TEMPLE
  1556 | D:4      | Noticed a scorpion
  1564 | D:4      | Noticed an ogre
  1566 | D:4      | 1566 ||| Stepping ~*~*~tactically~*~*~ (outnumbered).
  1567 | D:4      | Killed a scorpion
  1568 | D:4      | Reached XP level 5. HP: 13/29 MP: 7/7
  1568 | D:4      | Killed from afar by an orc priest

Levels and vault maps discovered:
D:1:      lordsloth_arrival_two_stooges, layout_basic, serial_shops,
          nicolae_shop_bloodbath_and_beyond, shop, shop,
          nicolae_shop_tiny_statue_garden
D:2:      minmay_alternating_diamond, layout_basic, serial_forest,
          infiniplex_forest_corner_2, infiniplex_forest_end_1,
          infiniplex_forest_clump_double, infiniplex_forest_lined_corner,
          infiniplex_forest_lined_ring, infiniplex_forest_clump_small,
          infiniplex_forest_diagonal, ebering_ecumenical_altar_mist,
          uniq_crazy_yiuf_cottage
D:3:      layout_loops_corners, marbit_many_paths,
          mainiacjoe_overflow_small_starburst, gammafunk_ghost_mausoleum,
          uniq_grinder
D:4:      layout_basic, makhleb_blood_cavern_becter, zin_purify,
          jmf_multi_god_temple, minmay_temple_entry_arrows, serial_shops, shop

Skill      XL: |  1  2  3  4 |
---------------+-------------+-----
Ranged Weapons | 6 7 8 |  8.8
Fighting       | |  1.5
Dodging        | |  2.4
Stealth        | |  1.2

Action                     |  1- 3 |  4- 6 || total
---------------------------+-------+-------++-------
   Fire: Shortbow          |   112 |    76 ||   188
    Use: Scroll            |     6 |     3 ||     9
         Potion            |     1 |     1 ||     2
 Armour: Leather armour    |    10 |       ||    10
         Ring mail         |    22 |    18 ||    40
  Dodge: Dodged            |    45 |    17 ||    62

Table legend:
 A = Non-vault XP
 B = Vault XP
 C = Vault XP percentage of total XP
 D = Non-vault monster count
 E = Vault monster count
 F = Vault count percentage of total count
                 A         B        C        D         E       F
            +---------+---------+-------+---------+---------+-------
      Total |     238 |      21 |   8.1 |      49 |       4 |   7.5
            +---------+---------+-------+---------+---------+-------
        D:1 |      42 |       0 |   0.0 |      19 |       0 |   0.0
        D:2 |     113 |      21 |  15.7 |      29 |       4 |  12.1
        D:4 |      83 |       0 |   0.0 |       1 |       0 |   0.0
            +---------+---------+-------+---------+---------+-------
